Moose vs Thunderbirds
Created - February 28, 2024 at 20:24
Goals
|
| Moose |
2 |
2 |
1 |
5 |
| Thunderbirds |
5 |
1 |
1 |
7 |
|
Shots
|
| Moose |
13 |
7 |
13 |
33 |
| Thunderbirds |
12 |
13 |
7 |
32 |
|
1st period
1. Thunderbirds , Anthony Beauvillier 28 (Drake Batherson 55, Timothy Liljegren 18) at 4:49
2. Moose , Dylan Strome 43 (Mathieu Joseph 45) at 6:48
3. Thunderbirds , Anthony Beauvillier 29 (Drake Batherson 56, Radim Simek 22) at 12:35 (PP)
4. Thunderbirds , Dominik Kahun 31 (Drake Batherson 57, Roberts Lipsbergs 10) at 13:55
5. Thunderbirds , Kale Clague 5 (Andrei Svechnikov 28, Dylan Gambrell 32) at 16:01
6. Thunderbirds , Andrei Svechnikov 24 (Dylan Gambrell 33, John Draeger 13) at 18:14
7. Moose , Nikolay Goldobin 24 (Dylan Strome 62, Mathieu Joseph 46) at 18:59
Penalties :
Timothy Liljegren (Spr) for High sticking (Minor) at 1:37, Tomas Jurco (Man) for Roughing (Minor) at 12:21
2nd period
8. Thunderbirds , Dominik Kahun 32 (Drake Batherson 58) at 2:38
9. Moose , Dylan Strome 44 (Erik Cernak 15, Karel Vejmelka) at 7:02
10. Moose , Michael McLeod 21 (Anders Bjork 11, Nikolay Goldobin 28) at 10:26
Penalties :
Dylan Strome (Man) for Hooking (Minor) at 4:45, Caleb Jones (Man) for Hooking (Minor) at 16:50
3rd period
11. Thunderbirds , Dylan Gambrell 10 (Andrei Svechnikov 29, Patrick Brown 12) at 10:13
12. Moose , Nikolay Goldobin 25 (Dylan Strome 63, Mathieu Joseph 47) at 19:52
Penalties :
Anthony Beauvillier (Spr) for Tripping (Minor) at 0:25, Anthony Beauvillier (Spr) for Hooking (Minor) at 6:51, Anders Bjork (Man) for Holding (Minor) at 7:19
Goalie Stats
Filip Gustavsson (Man), 3 saves from 7 shots - (0.429), 16:01 minutes
Karel Vejmelka (Man), 22 saves from 25 shots - (0.880), L, 1-3-0, 43:59 minutes
Brandon Halverson (Spr), 28 saves from 33 shots - (0.848), W, 26-9-4, 60:00 minutes
Players Stats for Moose
Player Name G A P +/- PIM S H SB GA TA FO MP PP MP PK MP
------------------------------------------------------------------------------------
Anders Bjork 0 1 1 -1 2 0 1 0 0 0 0/0 15:45 1:55 1:46
Boris Katchouk 0 0 0 0 0 1 2 0 0 0 0/0 13:31 0:00 0:42
Caleb Jones 0 0 0 -2 2 0 1 0 0 0 0/0 12:12 0:00 0:00
Chase De Leo 0 0 0 0 0 3 0 0 0 0 2/5 13:34 0:00 0:20
Dylan Strome 2 2 4 -1 2 5 0 1 0 1 13/35 21:56 2:30 1:11
Erik Cernak 0 1 1 2 0 4 3 1 0 1 0/0 27:34 2:51 2:36
Jake Leschyshyn 0 0 0 1 0 0 2 0 0 0 1/1 8:55 0:00 1:25
Josh Mahura 0 0 0 -2 0 0 1 0 0 0 0/0 12:12 0:00 0:00
Julien Gauthier 0 0 0 1 0 0 0 0 0 0 0/0 7:30 0:00 0:00
Juuso Valimaki 0 0 0 -1 0 1 1 2 0 1 0/0 20:14 1:35 2:04
Ludwig Bystrom 0 0 0 2 0 1 3 4 0 1 0/0 27:34 2:51 2:36
Mathieu Joseph 0 3 3 -1 0 3 3 0 0 1 0/2 19:30 2:30 0:00
Matthew Benning 0 0 0 -1 0 0 0 1 0 0 0/0 20:14 1:35 2:04
Max Jones 0 0 0 1 0 0 1 1 0 0 0/0 7:30 0:00 0:00
Michael McLeod 1 0 1 -1 0 5 2 1 1 0 3/12 16:18 1:56 1:44
Nikolay Goldobin 2 1 3 -1 0 6 3 0 1 0 1/1 22:48 2:30 2:12
Tomas Jurco 0 0 0 -1 2 2 0 1 0 0 1/1 13:53 1:56 0:00
Vinni Lettieri 0 0 0 0 0 2 1 0 1 0 0/0 12:35 0:00 0:00
Players Stats for Thunderbirds
Player Name G A P +/- PIM S H SB GA TA FO MP PP MP PK MP
------------------------------------------------------------------------------------
Andrei Svechnikov 1 2 3 3 0 3 1 1 2 0 1/1 15:41 1:54 0:12
Anthony Beauvillier 2 0 2 1 4 7 2 0 0 0 3/4 20:25 2:33 0:56
Dominik Kahun 2 0 2 1 0 4 2 1 0 1 14/25 21:28 2:33 0:59
Drake Batherson 0 4 4 1 0 2 4 0 1 0 0/2 20:28 2:33 0:00
Dylan Gambrell 1 2 3 3 0 5 1 1 1 0 10/14 15:28 1:54 0:00
Jared McIsaac 0 0 0 1 0 0 0 0 1 0 0/0 13:13 0:53 0:51
John Draeger 0 1 1 0 0 2 2 0 0 1 0/0 20:16 1:44 2:27
Kale Clague 1 0 1 1 0 2 0 4 0 1 0/0 23:16 1:44 1:47
Kirill Marchenko 0 0 0 -1 0 0 0 0 0 0 0/0 8:14 0:00 0:00
Matt Puempel 0 0 0 -2 0 1 1 0 0 0 0/0 13:11 0:13 1:48
Morgan Frost 0 0 0 -1 0 0 2 0 0 0 4/6 9:36 0:13 0:46
Patrick Brown 0 1 1 3 0 1 1 1 0 0 0/0 15:48 1:54 0:47
Radim Simek 0 1 1 0 0 1 0 5 0 0 0/0 28:45 2:18 2:39
Roberts Lipsbergs 0 1 1 -1 0 0 2 0 0 0 0/0 9:10 0:00 0:56
Tanner Laczynski 0 0 0 -2 0 2 3 0 0 0 0/0 11:17 0:13 0:00
Timothy Liljegren 0 1 1 -1 2 2 1 1 0 0 0/0 22:51 2:41 0:56
Tyson Jost 0 0 0 -2 0 0 0 0 0 0 4/5 13:09 0:00 2:28
Viktor Baldayev 0 0 0 1 0 0 2 1 0 0 0/0 11:44 0:00 0:12
3 Stars
1 - Dylan Gambrell (Spr)
2 - Andrei Svechnikov (Spr)
3 - Drake Batherson (Spr)
Power Play
Moose - 0 on 3 Attempt(s) - 0.00%
Thunderbirds - 1 on 4 Attempt(s) - 25.00%
Penalty Kill
Moose - 3 on 4 Attempt(s) - 75.00%
- Score 0 goal in Penalty Kill
Thunderbirds - 3 on 3 Attempt(s) - 100.00%
- Score 0 goal in Penalty Kill
Team Stat
Moose - Hits : 24 - Faceoff Wins : 21 - Blocked Shots : 12 - Penalty Minutes : 8
Thunderbirds - Hits : 24 - Faceoff Wins : 36 - Blocked Shots : 15 - Penalty Minutes : 6
Official
Referees : Dean Morton and Justin St. Pierre
Linesman : Pierre Racicot and Greg Devorski
Game Notes
13:55 of 1st period - Thunderbirds goal is going for a video replay. After video review, Goal.
Karel Vejmelka enters game at 16:01 of 1st period
Finance
Level 1 -- Attendance: 1722 (86.10%) -- Ticket Income $120,540
Level 2 -- Attendance: 918 (91.80%) -- Ticket Income $36,720
Total Attendance: 2640 (88.00%)
Total Ticket Income: $157,260
Other Income: $7,863
Total Income: $165,123
Moose
5 vs 5 Forward
Center Left Wing Right Wing Time % Phy DF OF
1 Dylan Strome Nikolay Goldobin Mathieu Joseph 40 1 2 2
2 Michael McLeod Anders Bjork Tomas Jurco 30 1 2 2
3 Chase De Leo Boris Katchouk Vinni Lettieri 20 1 2 2
4 Jake Leschyshyn Max Jones Julien Gauthier 10 1 2 2
5 vs 5 Defense
Defense Defense Time % Phy DF OF
1 Erik Cernak Ludwig Bystrom 40 1 2 2
2 Matthew Benning Juuso Valimaki 30 1 2 2
3 Caleb Jones Josh Mahura 20 1 2 2
4 Erik Cernak Ludwig Bystrom 10 1 2 2
PowerPlay Forward
Center Left Wing Right Wing Time % Phy DF OF
1 Dylan Strome Nikolay Goldobin Mathieu Joseph 60 1 2 2
2 Michael McLeod Anders Bjork Tomas Jurco 40 1 2 2
PowerPlay Defense
Defense Defense Time % Phy DF OF
1 Erik Cernak Ludwig Bystrom 60 1 2 2
2 Matthew Benning Juuso Valimaki 40 1 2 2
Penalty Kill 4 Players Forward
Center Wing Time % Phy DF OF
1 Dylan Strome Nikolay Goldobin 60 1 2 2
2 Michael McLeod Anders Bjork 40 1 2 2
Penalty Kill 4 Players Defense
Defense Defense Time % Phy DF OF
1 Erik Cernak Ludwig Bystrom 60 1 2 2
2 Matthew Benning Juuso Valimaki 40 1 2 2
Penalty Kill - 3 Players Forward
Forward Time % Phy DF OF
1 Dylan Strome 60 1 2 2
2 Michael McLeod 40 1 2 2
Penalty Kill - 3 Players Defense
Defense Defense Time % Phy DF OF
1 Erik Cernak Ludwig Bystrom 60 1 2 2
2 Matthew Benning Juuso Valimaki 40 1 2 2
4 vs 4 Forward
Center Wing Time % Phy DF OF
1 Dylan Strome Nikolay Goldobin 60 1 2 2
2 Michael McLeod Anders Bjork 40 1 2 2
4 vs 4 Defense
Defense Defense Time % Phy DF OF
1 Erik Cernak Ludwig Bystrom 60 1 2 2
2 Matthew Benning Juuso Valimaki 40 1 2 2
Last Minutes Offensive
Center Left Wing Right Wing Defense Defense
Dylan Strome Nikolay Goldobin Mathieu Joseph Erik Cernak Ludwig Bystrom
Last Minutes Defensive
Center Left Wing Right Wing Defense Defense
Dylan Strome Nikolay Goldobin Mathieu Joseph Erik Cernak Ludwig Bystrom
Goaltenders
Starting : Filip Gustavsson
Backup : Karel Vejmelka
Extra Forwards
Normal : Michael McLeod, Chase De Leo, Vinni Lettieri - PP : Michael McLeod, Chase De Leo - PK : Michael McLeod
Extra Defensemen
Normal : Juuso Valimaki, Caleb Jones, Josh Mahura - PP : Juuso Valimaki - PK : Juuso Valimaki, Caleb Jones
Penalty Shots
Mathieu Joseph, Tomas Jurco, Nikolay Goldobin, Dylan Strome, Michael McLeod
Custom OT Lines Forwards
Mathieu Joseph, Tomas Jurco, Nikolay Goldobin, Dylan Strome, Michael McLeod, Chase De Leo, Vinni Lettieri, Anders Bjork, Julien Gauthier, Boris Katchouk
Custom OT Lines Defensemen
Erik Cernak, Ludwig Bystrom, Matthew Benning, Juuso Valimaki, Caleb Jones
Scratches
Adam Ruzicka (Healthy), Riley Damiani (Healthy), Alexander Khovanov (Healthy), Urho Vaakanainen (Healthy), Mitchell Stephens (Healthy)
Nelson Nogier (Healthy), Nick Merkley (Healthy), Jonathan Kovacevic (Healthy), Joey Keane (Healthy), Adam Ginning (Healthy)
Jonny Tychonick (Healthy), Nathan Bastian (Healthy), William Bitten (Healthy), Kieffer Bellows (Healthy), Jonatan Berggren (Healthy)
Joey Daccord (Healthy), Daniel Vladar (Healthy)
Thunderbirds
5 vs 5 Forward
Center Left Wing Right Wing Time % Phy DF OF
1 Dominik Kahun Anthony Beauvillier Drake Batherson 40 0 2 3
2 Dylan Gambrell Andrei Svechnikov Patrick Brown 30 0 2 3
3 Tyson Jost Matt Puempel Tanner Laczynski 20 0 2 3
4 Morgan Frost Roberts Lipsbergs Kirill Marchenko 10 0 2 3
5 vs 5 Defense
Defense Defense Time % Phy DF OF
1 Radim Simek Kale Clague 40 0 2 3
2 John Draeger Timothy Liljegren 30 0 2 3
3 Viktor Baldayev Jared McIsaac 20 0 2 3
4 Radim Simek Timothy Liljegren 10 0 2 3
PowerPlay Forward
Center Left Wing Right Wing Time % Phy DF OF
1 Dominik Kahun Anthony Beauvillier Drake Batherson 60 0 1 4
2 Dylan Gambrell Andrei Svechnikov Patrick Brown 40 0 1 4
PowerPlay Defense
Defense Defense Time % Phy DF OF
1 Timothy Liljegren Radim Simek 60 0 2 3
2 Kale Clague John Draeger 40 0 2 3
Penalty Kill 4 Players Forward
Center Wing Time % Phy DF OF
1 Tyson Jost Anthony Beauvillier 60 0 3 2
2 Dominik Kahun Patrick Brown 40 0 3 2
Penalty Kill 4 Players Defense
Defense Defense Time % Phy DF OF
1 Radim Simek John Draeger 60 0 4 1
2 Kale Clague Timothy Liljegren 40 0 4 1
Penalty Kill - 3 Players Forward
Forward Time % Phy DF OF
1 Tyson Jost 60 0 3 2
2 Anthony Beauvillier 40 0 3 2
Penalty Kill - 3 Players Defense
Defense Defense Time % Phy DF OF
1 Radim Simek John Draeger 60 0 4 1
2 Kale Clague Timothy Liljegren 40 0 4 1
4 vs 4 Forward
Center Wing Time % Phy DF OF
1 Dominik Kahun Drake Batherson 60 0 2 3
2 Dylan Gambrell Anthony Beauvillier 40 0 2 3
4 vs 4 Defense
Defense Defense Time % Phy DF OF
1 Radim Simek Timothy Liljegren 60 0 2 3
2 John Draeger Kale Clague 40 0 2 3
Last Minutes Offensive
Center Left Wing Right Wing Defense Defense
Dominik Kahun Anthony Beauvillier Drake Batherson Timothy Liljegren Kale Clague
Last Minutes Defensive
Center Left Wing Right Wing Defense Defense
Dominik Kahun Anthony Beauvillier Patrick Brown Radim Simek John Draeger
Goaltenders
Starting : Brandon Halverson
Backup : Joseph Woll
Extra Forwards
Normal : Andrei Svechnikov, Anthony Beauvillier, Drake Batherson - PP : Andrei Svechnikov, Drake Batherson - PK : Matt Puempel
Extra Defensemen
Normal : Kale Clague, Timothy Liljegren, Radim Simek - PP : Jared McIsaac - PK : Kale Clague, Timothy Liljegren
Penalty Shots
Patrick Brown, Drake Batherson, Anthony Beauvillier, Dominik Kahun, Tyson Jost
Custom OT Lines Forwards
Patrick Brown, Drake Batherson, Anthony Beauvillier, Dominik Kahun, Tyson Jost, Tanner Laczynski, Dylan Gambrell, Morgan Frost, Andrei Svechnikov, Matt Puempel
Custom OT Lines Defensemen
Radim Simek, John Draeger, Kale Clague, Timothy Liljegren, Jared McIsaac
Scratches
Austin Poganski (Healthy), Jake Walman (Strained Back Injury), Mitchell Heard (Healthy), Nicklas Jensen (Healthy), Simon Bourque (Healthy)
Artur Kayumov (Healthy), Ivan Prosvetov (Healthy), Jakub Skarek (Healthy)
% Time on Ice - Moose
Lines # - Real PCT - Wanted PCT - Time Play
Normal Forward
1 - 35% - 40% - 17:14
2 - 24% - 30% - 12:04
3 - 25% - 20% - 12:35
4 - 15% - 10% - 7:30
Normal Defense
1 - 37% - 40% - 18:22
2 - 32% - 30% - 15:57
3 - 25% - 20% - 12:12
4 - 6% - 10% - 2:52
PP Forward
1 - 56% - 60% - 2:30
2 - 44% - 40% - 1:56
PP Defense
1 - 64% - 60% - 2:51
2 - 36% - 40% - 1:35
PK Forward
1 - 92% - 60% - 4:17
2 - 8% - 40% - 0:23
PK Defense
1 - 56% - 60% - 2:36
2 - 44% - 40% - 2:04
PK3 Forward
1 - 0% - 60%
2 - 0% - 40%
PK3 Defense
1 - 0% - 60%
2 - 0% - 40%
44 Forward
1 - 100% - 60% - 1:31
2 - 0% - 40% - 0:00
44 Defense
1 - 58% - 60% - 0:53
2 - 42% - 40% - 0:38
Last Minute Offensive - 0:00
Last Minute Defensive - 0:00
Total
Forward - 60:00
Defense - 60:00
|
% Time on Ice - Thunderbirds
Lines # - Real PCT - Wanted PCT - Time Play
Normal Forward
1 - 35% - 40% - 17:21
2 - 27% - 30% - 13:07
3 - 22% - 20% - 10:41
4 - 17% - 10% - 8:14
Normal Defense
1 - 40% - 40% - 19:50
2 - 31% - 30% - 15:14
3 - 23% - 20% - 11:26
4 - 6% - 10% - 2:53
PP Forward
1 - 59% - 60% - 2:46
2 - 41% - 40% - 1:54
PP Defense
1 - 63% - 60% - 2:56
2 - 37% - 40% - 1:44
PK Forward
1 - 82% - 60% - 3:39
2 - 18% - 40% - 0:47
PK Defense
1 - 55% - 60% - 2:27
2 - 45% - 40% - 1:59
PK3 Forward
1 - 0% - 60%
2 - 0% - 40%
PK3 Defense
1 - 0% - 60%
2 - 0% - 40%
44 Forward
1 - 70% - 60% - 1:04
2 - 30% - 40% - 0:27
44 Defense
1 - 65% - 60% - 0:59
2 - 35% - 40% - 0:32
Last Minute Offensive - 0:00
Last Minute Defensive - 0:00
Total
Forward - 60:00
Defense - 60:00
|
Play-by-Play
1st period
0:01 of 1st period - Dylan Strome wins face-off versus Dominik Kahun in neutral zone.
0:04 of 1st period - Radim Simek is hit by Ludwig Bystrom.
0:52 of 1st period - Wrist shot by Tanner Laczynski.
0:52 of 1st period - Stopped by Filip Gustavsson without a rebound.
0:53 of 1st period - Jake Leschyshyn wins face-off versus Morgan Frost in Moose zone.
1:37 of 1st period - Minor Penalty to Timothy Liljegren for High sticking.
1:38 of 1st period - Tyson Jost wins face-off versus Dylan Strome in Thunderbirds zone.
1:53 of 1st period - Snap shot by Nikolay Goldobin.
1:53 of 1st period - Shot Misses the Net.
2:11 of 1st period - Snap shot by Tomas Jurco.
2:11 of 1st period - Shot Misses the Net.
3:03 of 1st period - Jared McIsaac is hit by Ludwig Bystrom and loses puck.
3:37 of 1st period - Penalty to Timothy Liljegren is over, Timothy Liljegren is back on ice.
3:52 of 1st period - Off-side.
3:53 of 1st period - Morgan Frost wins face-off versus Chase De Leo in neutral zone.
3:58 of 1st period - Vinni Lettieri is hit by Timothy Liljegren and loses puck.
4:19 of 1st period - Snap shot by Roberts Lipsbergs.
4:19 of 1st period - Shot Blocked by Juuso Valimaki.
4:49 of 1st period - Snap shot by Anthony Beauvillier.
4:49 of 1st period - Goal by Anthony Beauvillier - Moose : 0 - Thunderbirds : 1.
4:50 of 1st period - Michael McLeod wins face-off versus Dominik Kahun in neutral zone.
4:53 of 1st period - Wrist shot by Tomas Jurco.
4:53 of 1st period - Shot Misses the Net.
5:17 of 1st period - Dylan Gambrell is hit by Erik Cernak and loses puck.
5:57 of 1st period - Snap shot by Drake Batherson.
5:57 of 1st period - Shot Misses the Net.
6:19 of 1st period - Radim Simek is hit by Michael McLeod.
6:41 of 1st period - Timothy Liljegren is hit by Mathieu Joseph and loses puck.
6:48 of 1st period - Snap shot by Dylan Strome.
6:48 of 1st period - Deflect By Radim Simek.
6:48 of 1st period - Goal by Dylan Strome - Moose : 1 - Thunderbirds : 1.
6:49 of 1st period - Dominik Kahun wins face-off versus Dylan Strome in neutral zone.
7:31 of 1st period - Snap shot by Mathieu Joseph.
7:31 of 1st period - Stopped by Brandon Halverson with a rebound.
7:37 of 1st period - Snap shot by Dylan Strome.
7:37 of 1st period - Stopped by Brandon Halverson with a rebound.
7:39 of 1st period - Snap shot by Mathieu Joseph.
7:39 of 1st period - Stopped by Brandon Halverson with a rebound.
7:41 of 1st period - Wrist shot by Erik Cernak.
7:41 of 1st period - Stopped by Brandon Halverson without a rebound.
7:42 of 1st period - Tomas Jurco wins face-off versus Dylan Gambrell in Thunderbirds zone.
7:54 of 1st period - Wrist shot by Michael McLeod.
7:54 of 1st period - Shot Misses the Net.
8:08 of 1st period - Juuso Valimaki is hit by Drake Batherson and loses puck.
8:36 of 1st period - John Draeger is hit by Caleb Jones and loses puck.
10:08 of 1st period - Morgan Frost is hit by Boris Katchouk.
11:29 of 1st period - Slapshot by Juuso Valimaki.
11:29 of 1st period - Stopped by Brandon Halverson without a rebound.
11:30 of 1st period - Chase De Leo wins face-off versus Dylan Gambrell in Thunderbirds zone.
11:37 of 1st period - Snap shot by Vinni Lettieri.
11:37 of 1st period - Deflect By Chase De Leo.
11:37 of 1st period - Stopped by Brandon Halverson without a rebound.
11:38 of 1st period - Dominik Kahun wins face-off versus Mathieu Joseph in Thunderbirds zone.
12:21 of 1st period - Minor Penalty to Tomas Jurco for Roughing.
12:22 of 1st period - Dominik Kahun wins face-off versus Dylan Strome in Moose zone.
12:33 of 1st period - Wrist shot by Drake Batherson.
12:33 of 1st period - Shot Blocked by Dylan Strome.
12:35 of 1st period - Snap shot by Anthony Beauvillier.
12:35 of 1st period - Goal by Anthony Beauvillier - Moose : 1 - Thunderbirds : 2.
12:36 of 1st period - Dominik Kahun wins face-off versus Dylan Strome in neutral zone.
13:32 of 1st period - Wrist shot by Michael McLeod.
13:32 of 1st period - Shot Blocked by Timothy Liljegren.
13:41 of 1st period - Icing by Juuso Valimaki.
13:42 of 1st period - Morgan Frost wins face-off versus Michael McLeod in Moose zone.
13:53 of 1st period - Snap shot by Drake Batherson.
13:53 of 1st period - Stopped by Filip Gustavsson with a rebound.
13:55 of 1st period - Snap shot by Dominik Kahun.
13:55 of 1st period - Thunderbirds goal is going for a video replay.
13:55 of 1st period - The goal is good.
13:55 of 1st period - Goal by Dominik Kahun - Moose : 1 - Thunderbirds : 3.
13:56 of 1st period - Dylan Strome wins face-off versus Dominik Kahun in neutral zone.
13:59 of 1st period - Wrist shot by Nikolay Goldobin.
13:59 of 1st period - Stopped by Brandon Halverson with a rebound.
14:01 of 1st period - Snap shot by Dylan Strome.
14:01 of 1st period - Shot Blocked by Kale Clague.
14:03 of 1st period - Slapshot by Erik Cernak.
14:03 of 1st period - Stopped by Brandon Halverson with a rebound.
14:05 of 1st period - Slapshot by Ludwig Bystrom.
14:05 of 1st period - Shot Blocked by Radim Simek.
14:07 of 1st period - Slapshot by Mathieu Joseph.
14:07 of 1st period - Shot Misses the Net.
14:09 of 1st period - Wrist shot by Mathieu Joseph.
14:09 of 1st period - Shot Misses the Net.
14:11 of 1st period - Slapshot by Erik Cernak.
14:11 of 1st period - Shot Blocked by Radim Simek.
14:21 of 1st period - Michael McLeod is hit by Patrick Brown and loses puck.
14:26 of 1st period - Snap shot by Andrei Svechnikov.
14:26 of 1st period - Shot Blocked by Tomas Jurco.
15:11 of 1st period - Wrist shot by Dylan Strome.
15:11 of 1st period - Shot Hit the Post.
15:47 of 1st period - Snap shot by Andrei Svechnikov.
15:47 of 1st period - Stopped by Filip Gustavsson without a rebound.
15:48 of 1st period - Dylan Gambrell wins face-off versus Mathieu Joseph in Moose zone.
15:59 of 1st period - Snap shot by Andrei Svechnikov.
15:59 of 1st period - Shot Misses the Net.
16:01 of 1st period - Slapshot by Kale Clague.
16:01 of 1st period - Deflect By Dylan Strome.
16:01 of 1st period - Goal by Kale Clague - Moose : 1 - Thunderbirds : 4.
16:01 of 1st period - Karel Vejmelka enters game.
16:02 of 1st period - Dominik Kahun wins face-off versus Dylan Strome in neutral zone.
16:09 of 1st period - Snap shot by Drake Batherson.
16:09 of 1st period - Shot Misses the Net.
16:11 of 1st period - Snap shot by Anthony Beauvillier.
16:11 of 1st period - Stopped by Karel Vejmelka with a rebound.
16:13 of 1st period - Slapshot by Kale Clague.
16:13 of 1st period - Deflect By Dominik Kahun.
16:13 of 1st period - Stopped by Karel Vejmelka without a rebound.
16:14 of 1st period - Anthony Beauvillier wins face-off versus Dylan Strome in Moose zone.
16:39 of 1st period - Michael McLeod is hit by Andrei Svechnikov and loses puck.
17:56 of 1st period - Wrist shot by Anthony Beauvillier.
17:56 of 1st period - Stopped by Karel Vejmelka with a rebound.
17:58 of 1st period - Slapshot by Kale Clague.
17:58 of 1st period - Shot Blocked by Max Jones.
18:00 of 1st period - Slapshot by Radim Simek.
18:00 of 1st period - Stopped by Karel Vejmelka without a rebound.
18:01 of 1st period - Dylan Strome wins face-off versus Dylan Gambrell in Moose zone.
18:14 of 1st period - Slapshot by Andrei Svechnikov.
18:14 of 1st period - Goal by Andrei Svechnikov - Moose : 1 - Thunderbirds : 5.
18:15 of 1st period - Dylan Strome wins face-off versus Dominik Kahun in neutral zone.
18:42 of 1st period - Mathieu Joseph is hit by John Draeger and loses puck.
18:59 of 1st period - Backhand shot by Nikolay Goldobin.
18:59 of 1st period - Goal by Nikolay Goldobin - Moose : 2 - Thunderbirds : 5.
19:00 of 1st period - Dominik Kahun wins face-off versus Michael McLeod in neutral zone.
19:03 of 1st period - Ludwig Bystrom is hit by Drake Batherson and loses puck.
19:12 of 1st period - Slapshot by Erik Cernak.
19:12 of 1st period - Shot Blocked by Kale Clague.
19:14 of 1st period - Wrist shot by Michael McLeod.
19:14 of 1st period - Deflect By Anders Bjork.
19:14 of 1st period - Shot Misses the Net.
19:14 of 1st period - Puck is out of play.
19:15 of 1st period - Dylan Gambrell wins face-off versus Dylan Strome in Thunderbirds zone.
19:20 of 1st period - Snap shot by Nikolay Goldobin.
19:20 of 1st period - Stopped by Brandon Halverson with a rebound.
19:22 of 1st period - Slapshot by Erik Cernak.
19:22 of 1st period - Stopped by Brandon Halverson with a rebound.
19:24 of 1st period - Slapshot by Dylan Strome.
19:24 of 1st period - Stopped by Brandon Halverson with a rebound.
19:26 of 1st period - Wrist shot by Mathieu Joseph.
19:26 of 1st period - Shot Misses the Net.
19:28 of 1st period - Snap shot by Dylan Strome.
19:28 of 1st period - Shot Blocked by Radim Simek.
19:30 of 1st period - Wrist shot by Mathieu Joseph.
19:30 of 1st period - Shot Misses the Net.
19:40 of 1st period - Ludwig Bystrom is hit by Anthony Beauvillier and loses puck.
Goals for this period are 2 for Moose vs 5 for Thunderbirds.
Shots for this period are 13 for Moose vs 12 for Thunderbirds.
2nd period
0:01 of 2nd period - Dominik Kahun wins face-off versus Dylan Strome in neutral zone.
0:06 of 2nd period - Wrist shot by Dominik Kahun.
0:06 of 2nd period - Shot Blocked by Ludwig Bystrom.
0:14 of 2nd period - Anthony Beauvillier is hit by Ludwig Bystrom and loses puck.
0:25 of 2nd period - Michael McLeod is hit by Dylan Gambrell and loses puck.
0:32 of 2nd period - Wrist shot by Andrei Svechnikov.
0:32 of 2nd period - Shot Blocked by Ludwig Bystrom.
0:34 of 2nd period - Slapshot by John Draeger.
0:34 of 2nd period - Stopped by Karel Vejmelka with a rebound.
0:36 of 2nd period - Snap shot by Dylan Gambrell.
0:36 of 2nd period - Stopped by Karel Vejmelka with a rebound.
1:38 of 2nd period - Slapshot by Timothy Liljegren.
1:38 of 2nd period - Stopped by Karel Vejmelka without a rebound.
1:39 of 2nd period - Dominik Kahun wins face-off versus Dylan Strome in Moose zone.
1:40 of 2nd period - Wrist shot by Drake Batherson.
1:40 of 2nd period - Stopped by Karel Vejmelka with a rebound.
1:42 of 2nd period - Snap shot by Anthony Beauvillier.
1:42 of 2nd period - Shot Misses the Net.
1:44 of 2nd period - Slapshot by Anthony Beauvillier.
1:44 of 2nd period - Shot Hit the Post.
1:46 of 2nd period - Snap shot by Anthony Beauvillier.
1:46 of 2nd period - Stopped by Karel Vejmelka without a rebound.
1:47 of 2nd period - Dominik Kahun wins face-off versus Dylan Strome in Moose zone.
2:36 of 2nd period - Snap shot by Drake Batherson.
2:36 of 2nd period - Deflect By Dominik Kahun.
2:36 of 2nd period - Stopped by Karel Vejmelka with a rebound.
2:38 of 2nd period - Wrist shot by Dominik Kahun.
2:38 of 2nd period - Goal by Dominik Kahun - Moose : 2 - Thunderbirds : 6.
2:39 of 2nd period - Dylan Gambrell wins face-off versus Michael McLeod in neutral zone.
2:54 of 2nd period - Snap shot by Andrei Svechnikov.
2:54 of 2nd period - Stopped by Karel Vejmelka with a rebound.
3:04 of 2nd period - Matt Puempel is hit by Boris Katchouk and loses puck.
3:13 of 2nd period - Wrist shot by Boris Katchouk.
3:13 of 2nd period - Shot Hit the Post.
3:33 of 2nd period - Radim Simek is hit by Jake Leschyshyn and loses puck.
4:05 of 2nd period - Snap shot by Dominik Kahun.
4:05 of 2nd period - Deflect By Drake Batherson.
4:05 of 2nd period - Shot Misses the Net.
4:05 of 2nd period - Puck is out of play.
4:06 of 2nd period - Dylan Gambrell wins face-off versus Dylan Strome in Moose zone.
4:12 of 2nd period - Wrist shot by Dylan Gambrell.
4:12 of 2nd period - Stopped by Karel Vejmelka without a rebound.
4:13 of 2nd period - Nikolay Goldobin wins face-off versus Dylan Gambrell in Moose zone.
4:45 of 2nd period - Minor Penalty to Dylan Strome for Hooking.
4:46 of 2nd period - Dominik Kahun wins face-off versus Michael McLeod in Moose zone.
5:40 of 2nd period - Juuso Valimaki is hit by John Draeger and loses puck.
6:45 of 2nd period - Penalty to Dylan Strome is over, Dylan Strome is back on ice.
6:48 of 2nd period - Snap shot by Tanner Laczynski.
6:48 of 2nd period - Shot Misses the Net.
7:02 of 2nd period - Snap shot by Dylan Strome.
7:02 of 2nd period - Goal by Dylan Strome - Moose : 3 - Thunderbirds : 6.
7:03 of 2nd period - Michael McLeod wins face-off versus Drake Batherson in neutral zone.
8:19 of 2nd period - Wrist shot by Michael McLeod.
8:19 of 2nd period - Shot Misses the Net.
8:35 of 2nd period - Kale Clague is hit by Jake Leschyshyn and loses puck.
9:00 of 2nd period - Drake Batherson is hit by Nikolay Goldobin and loses puck.
10:16 of 2nd period - Icing by Anthony Beauvillier.
10:17 of 2nd period - Dylan Strome wins face-off versus Dominik Kahun in Thunderbirds zone.
10:24 of 2nd period - Slapshot by Michael McLeod.
10:24 of 2nd period - Stopped by Brandon Halverson with a rebound.
10:26 of 2nd period - Snap shot by Michael McLeod.
10:26 of 2nd period - Goal by Michael McLeod - Moose : 4 - Thunderbirds : 6.
10:27 of 2nd period - Dylan Gambrell wins face-off versus Dylan Strome in neutral zone.
10:32 of 2nd period - Snap shot by Andrei Svechnikov.
10:32 of 2nd period - Shot Misses the Net.
10:34 of 2nd period - Slapshot by Andrei Svechnikov.
10:34 of 2nd period - Shot Misses the Net.
10:36 of 2nd period - Snap shot by Dylan Gambrell.
10:36 of 2nd period - Stopped by Karel Vejmelka with a rebound.
10:44 of 2nd period - Patrick Brown is hit by Nikolay Goldobin and loses puck.
11:21 of 2nd period - Matthew Benning is hit by Tanner Laczynski and loses puck.
11:28 of 2nd period - Snap shot by Boris Katchouk.
11:28 of 2nd period - Shot Misses the Net.
11:30 of 2nd period - Slapshot by Vinni Lettieri.
11:30 of 2nd period - Stopped by Brandon Halverson with a rebound.
11:46 of 2nd period - Wrist shot by Morgan Frost.
11:46 of 2nd period - Shot Misses the Net.
12:26 of 2nd period - Slapshot by Drake Batherson.
12:26 of 2nd period - Deflect By Anthony Beauvillier.
12:26 of 2nd period - Stopped by Karel Vejmelka with a rebound.
12:28 of 2nd period - Slapshot by Radim Simek.
12:28 of 2nd period - Shot Blocked by Michael McLeod.
12:37 of 2nd period - Icing by Ludwig Bystrom.
12:38 of 2nd period - Tyson Jost wins face-off versus Chase De Leo in Moose zone.
12:39 of 2nd period - Snap shot by Tanner Laczynski.
12:39 of 2nd period - Stopped by Karel Vejmelka with a rebound.
12:41 of 2nd period - Slapshot by Tyson Jost.
12:41 of 2nd period - Shot Blocked by Erik Cernak.
12:43 of 2nd period - Slapshot by John Draeger.
12:43 of 2nd period - Stopped by Karel Vejmelka with a rebound.
13:25 of 2nd period - Patrick Brown is hit by Anders Bjork and loses puck.
13:32 of 2nd period - Snap shot by Michael McLeod.
13:32 of 2nd period - Stopped by Brandon Halverson with a rebound.
13:34 of 2nd period - Slapshot by Tomas Jurco.
13:34 of 2nd period - Stopped by Brandon Halverson without a rebound.
13:35 of 2nd period - Dylan Strome wins face-off versus Dominik Kahun in Thunderbirds zone.
13:48 of 2nd period - Viktor Baldayev is hit by Mathieu Joseph and loses puck.
14:05 of 2nd period - Snap shot by Tomas Jurco.
14:05 of 2nd period - Shot Blocked by Patrick Brown.
14:07 of 2nd period - Snap shot by Caleb Jones.
14:07 of 2nd period - Shot Blocked by Dylan Gambrell.
14:09 of 2nd period - Slapshot by Caleb Jones.
14:09 of 2nd period - Shot Misses the Net.
14:11 of 2nd period - Backhand shot by Anders Bjork.
14:11 of 2nd period - Shot Misses the Net.
14:13 of 2nd period - Snap shot by Tomas Jurco.
14:13 of 2nd period - Stopped by Brandon Halverson with a rebound.
15:06 of 2nd period - Slapshot by Michael McLeod.
15:06 of 2nd period - Shot Misses the Net.
15:20 of 2nd period - Mathieu Joseph is hit by Dominik Kahun and loses puck.
15:37 of 2nd period - Snap shot by Andrei Svechnikov.
15:37 of 2nd period - Shot Misses the Net.
15:57 of 2nd period - Dylan Strome is hit by Viktor Baldayev and loses puck.
16:10 of 2nd period - Nikolay Goldobin is hit by Roberts Lipsbergs.
16:38 of 2nd period - Backhand shot by Patrick Brown.
16:38 of 2nd period - Shot Misses the Net.
16:50 of 2nd period - Minor Penalty to Caleb Jones for Hooking.
16:51 of 2nd period - Anthony Beauvillier wins face-off versus Michael McLeod in Moose zone.
18:50 of 2nd period - Penalty to Caleb Jones is over, Caleb Jones is back on ice.
19:08 of 2nd period - Jared McIsaac is hit by Josh Mahura and loses puck.
19:27 of 2nd period - Josh Mahura is hit by Tanner Laczynski.
19:40 of 2nd period - Icing by Chase De Leo.
19:41 of 2nd period - Michael McLeod wins face-off versus Dominik Kahun in Moose zone.
19:41 of 2nd period - Michael McLeod is hit by Drake Batherson.
Goals for this period are 2 for Moose vs 1 for Thunderbirds.
Shots for this period are 7 for Moose vs 13 for Thunderbirds.
3rd period
0:01 of 3rd period - Anthony Beauvillier wins face-off versus Dylan Strome in neutral zone.
0:08 of 3rd period - Snap shot by Drake Batherson.
0:08 of 3rd period - Shot Blocked by Ludwig Bystrom.
0:10 of 3rd period - Snap shot by Radim Simek.
0:10 of 3rd period - Deflect By Dominik Kahun.
0:10 of 3rd period - Shot Blocked by Ludwig Bystrom.
0:10 of 3rd period - Puck is out of play.
0:11 of 3rd period - Dylan Strome wins face-off versus Dominik Kahun in Moose zone.
0:25 of 3rd period - Minor Penalty to Anthony Beauvillier for Tripping.
0:26 of 3rd period - Tyson Jost wins face-off versus Dylan Strome in Thunderbirds zone.
0:26 of 3rd period - Tyson Jost is hit by Erik Cernak.
2:21 of 3rd period - Erik Cernak is hit by Dominik Kahun.
2:25 of 3rd period - Penalty to Anthony Beauvillier is over, Anthony Beauvillier is back on ice.
3:07 of 3rd period - Erik Cernak is hit by Drake Batherson and loses puck.
3:18 of 3rd period - Slapshot by Erik Cernak.
3:18 of 3rd period - Stopped by Brandon Halverson without a rebound.
3:19 of 3rd period - Morgan Frost wins face-off versus Chase De Leo in Thunderbirds zone.
4:05 of 3rd period - Off-side.
4:06 of 3rd period - Dylan Gambrell wins face-off versus Dylan Strome in neutral zone.
4:11 of 3rd period - Wrist shot by Nikolay Goldobin.
4:11 of 3rd period - Deflect By Mathieu Joseph.
4:11 of 3rd period - Shot Blocked by Andrei Svechnikov.
4:11 of 3rd period - Puck is out of play.
4:12 of 3rd period - Dominik Kahun wins face-off versus Dylan Strome in Thunderbirds zone.
5:03 of 3rd period - Max Jones is hit by Matt Puempel and loses puck.
5:44 of 3rd period - Ludwig Bystrom is hit by Viktor Baldayev and loses puck.
6:36 of 3rd period - Snap shot by Boris Katchouk.
6:36 of 3rd period - Shot Blocked by Radim Simek.
6:38 of 3rd period - Slapshot by Matthew Benning.
6:38 of 3rd period - Deflect By Boris Katchouk.
6:38 of 3rd period - Stopped by Brandon Halverson with a rebound.
6:44 of 3rd period - Backhand shot by Chase De Leo.
6:44 of 3rd period - Stopped by Brandon Halverson with a rebound.
6:46 of 3rd period - Snap shot by Vinni Lettieri.
6:46 of 3rd period - Stopped by Brandon Halverson without a rebound.
6:47 of 3rd period - Dylan Strome wins face-off versus Dominik Kahun in Thunderbirds zone.
6:51 of 3rd period - Minor Penalty to Anthony Beauvillier for Hooking.
6:52 of 3rd period - Tyson Jost wins face-off versus Dylan Strome in Thunderbirds zone.
6:58 of 3rd period - Slapshot by Matt Puempel.
6:58 of 3rd period - Stopped by Karel Vejmelka with a rebound.
7:08 of 3rd period - Tyson Jost is hit by Erik Cernak and loses puck.
7:19 of 3rd period - Minor Penalty to Anders Bjork for Holding.
7:20 of 3rd period - Dominik Kahun wins face-off versus Dylan Strome in Moose zone.
7:29 of 3rd period - Slapshot by Nikolay Goldobin.
7:29 of 3rd period - Shot Misses the Net.
7:37 of 3rd period - Wrist shot by Nikolay Goldobin.
7:37 of 3rd period - Stopped by Brandon Halverson without a rebound.
7:38 of 3rd period - Dominik Kahun wins face-off versus Dylan Strome in Thunderbirds zone.
8:18 of 3rd period - Off-side.
8:19 of 3rd period - Dylan Gambrell wins face-off versus Michael McLeod in neutral zone.
8:21 of 3rd period - Off-side.
8:22 of 3rd period - Dylan Gambrell wins face-off versus Michael McLeod in neutral zone.
8:31 of 3rd period - Wrist shot by Dylan Gambrell.
8:31 of 3rd period - Stopped by Karel Vejmelka with a rebound.
8:51 of 3rd period - Penalty to Anthony Beauvillier is over, Anthony Beauvillier is back on ice.
8:51 of 3rd period - Snap shot by Dylan Strome.
8:51 of 3rd period - Stopped by Brandon Halverson with a rebound.
9:19 of 3rd period - Penalty to Anders Bjork is over, Anders Bjork is back on ice.
10:13 of 3rd period - Wrist shot by Dylan Gambrell.
10:13 of 3rd period - Goal by Dylan Gambrell - Moose : 4 - Thunderbirds : 7.
10:14 of 3rd period - Dylan Strome wins face-off versus Dominik Kahun in neutral zone.
10:21 of 3rd period - Wrist shot by Dylan Strome.
10:21 of 3rd period - Shot Misses the Net.
10:23 of 3rd period - Slapshot by Ludwig Bystrom.
10:23 of 3rd period - Shot Blocked by Kale Clague.
10:25 of 3rd period - Slapshot by Nikolay Goldobin.
10:25 of 3rd period - Deflect By Dylan Strome.
10:25 of 3rd period - Shot Blocked by Dominik Kahun.
10:25 of 3rd period - Puck is out of play.
10:26 of 3rd period - Dylan Strome wins face-off versus Drake Batherson in Thunderbirds zone.
10:31 of 3rd period - Snap shot by Nikolay Goldobin.
10:31 of 3rd period - Stopped by Brandon Halverson with a rebound.
11:03 of 3rd period - Slapshot by Erik Cernak.
11:03 of 3rd period - Shot Blocked by Radim Simek.
11:05 of 3rd period - Wrist shot by Ludwig Bystrom.
11:05 of 3rd period - Stopped by Brandon Halverson with a rebound.
11:40 of 3rd period - Slapshot by Kale Clague.
11:40 of 3rd period - Stopped by Karel Vejmelka without a rebound.
11:41 of 3rd period - Dylan Strome wins face-off versus Morgan Frost in Moose zone.
12:11 of 3rd period - Anthony Beauvillier is hit by Michael McLeod and loses puck.
12:30 of 3rd period - Dylan Gambrell is hit by Vinni Lettieri and loses puck.
13:12 of 3rd period - Josh Mahura is hit by Roberts Lipsbergs and loses puck.
13:17 of 3rd period - Snap shot by Roberts Lipsbergs.
13:17 of 3rd period - Shot Misses the Net.
13:19 of 3rd period - Slapshot by Timothy Liljegren.
13:19 of 3rd period - Stopped by Karel Vejmelka with a rebound.
13:36 of 3rd period - Tomas Jurco is hit by Anthony Beauvillier and loses puck.
14:20 of 3rd period - Juuso Valimaki is hit by Tanner Laczynski and loses puck.
15:03 of 3rd period - Snap shot by Dominik Kahun.
15:03 of 3rd period - Shot Blocked by Juuso Valimaki.
15:05 of 3rd period - Wrist shot by Anthony Beauvillier.
15:05 of 3rd period - Stopped by Karel Vejmelka with a rebound.
15:21 of 3rd period - Snap shot by Chase De Leo.
15:21 of 3rd period - Stopped by Brandon Halverson without a rebound.
15:22 of 3rd period - Dylan Gambrell wins face-off versus Dylan Strome in Thunderbirds zone.
15:22 of 3rd period - Dylan Gambrell is hit by Mathieu Joseph.
15:28 of 3rd period - Wrist shot by Patrick Brown.
15:28 of 3rd period - Stopped by Karel Vejmelka without a rebound.
15:29 of 3rd period - Andrei Svechnikov wins face-off versus Dylan Strome in Moose zone.
16:41 of 3rd period - Nikolay Goldobin is hit by Morgan Frost and loses puck.
16:53 of 3rd period - Icing by Kale Clague.
16:54 of 3rd period - Morgan Frost wins face-off versus Michael McLeod in Thunderbirds zone.
16:54 of 3rd period - Morgan Frost is hit by Juuso Valimaki.
17:43 of 3rd period - Juuso Valimaki is hit by Morgan Frost and loses puck.
17:50 of 3rd period - Slapshot by Timothy Liljegren.
17:50 of 3rd period - Deflect By Kirill Marchenko.
17:50 of 3rd period - Shot Blocked by Matthew Benning.
17:50 of 3rd period - Puck is out of play.
17:51 of 3rd period - Dylan Strome wins face-off versus Dominik Kahun in Moose zone.
18:18 of 3rd period - Viktor Baldayev is hit by Max Jones and loses puck.
18:57 of 3rd period - Wrist shot by Nikolay Goldobin.
18:57 of 3rd period - Shot Misses the Net.
18:59 of 3rd period - Slapshot by Mathieu Joseph.
18:59 of 3rd period - Stopped by Brandon Halverson without a rebound.
19:00 of 3rd period - Dylan Strome wins face-off versus Anthony Beauvillier in Thunderbirds zone.
19:19 of 3rd period - Snap shot by Dominik Kahun.
19:19 of 3rd period - Shot Misses the Net.
19:21 of 3rd period - Slapshot by Kale Clague.
19:21 of 3rd period - Deflect By Dominik Kahun.
19:21 of 3rd period - Shot Misses the Net.
19:21 of 3rd period - Puck is out of play.
19:22 of 3rd period - Dylan Gambrell wins face-off versus Michael McLeod in Moose zone.
19:33 of 3rd period - Snap shot by Michael McLeod.
19:33 of 3rd period - Stopped by Brandon Halverson with a rebound.
19:35 of 3rd period - Slapshot by Michael McLeod.
19:35 of 3rd period - Shot Blocked by Viktor Baldayev.
19:37 of 3rd period - Wrist shot by Michael McLeod.
19:37 of 3rd period - Stopped by Brandon Halverson without a rebound.
19:38 of 3rd period - Dominik Kahun wins face-off versus Dylan Strome in Thunderbirds zone.
19:38 of 3rd period - Dominik Kahun is hit by Nikolay Goldobin.
19:50 of 3rd period - Backhand shot by Dylan Strome.
19:50 of 3rd period - Shot Blocked by Kale Clague.
19:52 of 3rd period - Snap shot by Nikolay Goldobin.
19:52 of 3rd period - Goal by Nikolay Goldobin - Moose : 5 - Thunderbirds : 7.
19:53 of 3rd period - Chase De Leo wins face-off versus Tyson Jost in neutral zone.
Goals for this period are 1 for Moose vs 1 for Thunderbirds.
Shots for this period are 13 for Moose vs 7 for Thunderbirds.